 Dungeon Crawl Stone Soup version 0.17.1-1-g73c8601 (webtiles) character file.

136 shmeve the Shield-Bearer (level 5, -5/43 HPs)
             Began as a Formicid Fighter on Apr 24, 2016.
             Killed by nerve-wracking pain
             ... invoked by Grinder
              (7 damage)
             ... on level 3 of the Dungeon.
             The game lasted 00:03:24 (1952 turns).

shmeve the Shield-Bearer (Formicid Fighter)         Turns: 1952, Time: 00:03:24

Health: -5/43      AC:  8    Str: 22    XL:     5   Next: 43%
Magic:  5/5        EV:  8    Int:  7    God:
Gold:   113        SH:  9    Dex: 10    Spells: 0 memorised, 4 levels left

rFire  . . .     SeeInvis +     a - +0 war axe
rCold  . . .     Clarity  .     b - +0 scale mail
rNeg   . . .     SustAt   .     c - +0 shield
rPois  .         Gourm    .     (helmet unavailable)
rElec  .         Spirit   .     (no cloak)
rCorr  .         Warding  .     g - +0 pair of gloves
rMut   .         Stasis   +     (no boots)
MR     .....                    (no amulet)
Stlth  ..........               (no ring)
                                (no ring)

@: not resistant to hostile enchantments, extremely unstealthy
A: permanent stasis, dig shafts and tunnels, four strong arms, antennae 3
a: Dig, Shaft Self


You were on level 3 of the Dungeon.
You were hungry.

You visited 1 branch of the dungeon, and saw 3 of its levels.

You collected 113 gold pieces.

Inventory:

Hand Weapons
 a - a +0 war axe (weapon)
Missiles
 f - 41 bolts
Armour
 b - a +0 scale mail (worn)
 c - a +0 shield (worn)
 g - a +0 pair of gloves (worn)
Scrolls
 h - 3 scrolls of remove curse {unknown}
 l - a scroll of immolation {unknown}
 m - a scroll of enchant weapon {unknown}
 p - 2 scrolls of identify {unknown}
 q - a scroll of teleportation {unknown}
 u - a scroll of amnesia {unknown}
Potions
 d - 3 potions of might
 i - a potion of heal wounds {unknown}
 j - a potion of agility {unknown}
 t - a potion of cancellation {unknown}
Comestibles
 e - 3 bread rations
 k - a meat ration
 n - 2 beef jerkies
 r - a slice of pizza
 s - 2 fruits


   Skills:
 * Level 4.3 Fighting
 * Level 3.1 Axes
 + Level 3.8 Armour
 + Level 1.1 Dodging
 * Level 4.4 Shields


You had 4 spell levels left.
You didn't know any spells.

Dungeon Overview and Level Annotations

Branches:
Dungeon (3/15)

Altars:
Dithmenos
Makhleb

Annotations:
D:3 Grinder


Innate Abilities, Weirdness & Mutations

You are under a permanent stasis effect.
You can dig through walls and to a lower floor.
Your four strong arms can wield two-handed weapons with a shield.
You have a pair of large antennae on your head (SInv).


Message History

Grinder hits you but does no damage.
You barely miss Grinder.
Grinder is lightly wounded.
The bat barely misses you. You block Grinder's attack.
You slash Grinder!
Grinder is moderately wounded.
You slash the bat!
You kill the bat!
Grinder gestures at you. Pain shoots through your body!
* * * LOW HITPOINT WARNING * * *
You slash Grinder!
Grinder is heavily wounded.
Grinder gestures at you. You resist with significant effort.
You block Grinder's attack.
You closely miss Grinder.
Grinder is heavily wounded.
Grinder gestures at you. Pain shoots through your body!
You die...

#.#.....#
#.......####
#..........# #.
#.......... . .
#. #......... ...
#.# #.......# .#
#.#.# #.#.$5..#
.# #.#.#
#.##.@..# .#
#.#.###.##.####
.## #.#........#
[.####.#..##.####
..<..........#
#.####.#.#####
........<#
#.####.###
#.####.######


You could see Grinder.

Vanquished Creatures
  A hound (D:2)
  3 adders (D:2)
  3 oozes
  A worm (D:2)
  3 giant geckos
  7 bats
  4 giant cockroaches
  6 hobgoblins
  6 jackals (D:2)
  8 kobolds
  3 ball pythons (D:2)
  2 giant newts
  4 goblins
  4 rats
55 creatures vanquished.

Notes
Turn   | Place    | Note
--------------------------------------------------------------
     0 | D:1      | shmeve the Formicid Fighter began the quest for the Orb.
     0 | D:1      | Reached XP level 1. HP: 18/18 MP: 1/1
    81 | D:1      | Reached XP level 2. HP: 17/24 MP: 2/2
   501 | D:1      | Reached skill level 4 in Shields
   521 | D:1      | Reached XP level 3. HP: 29/29 MP: 3/3
   684 | D:2      | Found a shadowy altar of Dithmenos.
   708 | D:2      | Reached XP level 4. HP: 12/37 MP: 4/4
  1062 | D:2      | Found a burning altar of Makhleb.
  1077 | D:2      | Reached skill level 1 in Dodging
  1077 | D:2      | Reached XP level 5. HP: 36/42 MP: 5/5
  1941 | D:3      | Noticed Grinder
  1950 | D:3      | HP: 1/43 [Grinder/nerve-wracking pain (11)]
  1952 | D:3      | Killed from afar by Grinder

Action                   |  1- 3 |  4- 6 || total
-------------------------+-------+-------++-------
Melee: War axe           |    81 |    82 ||   163
  Eat: Chunk             |       |     3 ||     3
